 Dungeon Crawl Stone Soup version 0.18.1-6-gd335043 (webtiles) character file.

242 Vasya666 the Ruffian (level 5, -8/42 HPs)
             Began as a Draconian Transmuter on May 17, 2016.
             Mangled by Bubs's ghost (11 damage)
             ... on level 4 of the Dungeon.
             The game lasted 00:09:09 (3295 turns).

Vasya666 the Ruffian (Draconian Transmuter)         Turns: 3295, Time: 00:09:10

Health: -8/42      AC:  5    Str: 13    XL:     5   Next: 82%
Magic:  0/9        EV: 15    Int: 14    God:
Gold:   132        SH:  0    Dex: 11    Spells: 3 memorised, 3 levels left

rFire  . . .     SeeInvis .       - Unarmed
rCold  . . .     Gourm    .     (armour unavailable)
rNeg   . . .     Faith    .     (no shield)
rPois  .         Spirit   +     (helmet restricted)
rElec  .         Dismiss  .     (no cloak)
rCorr  .         Reflect  .     (no gloves)
SustAt .         Harm     .     (no boots)
MR     .....                    p - amulet of guardian spirit
Stlth  +.........               (no ring)
                                r - +2 ring of evasion

@: lethally poisoned (-8 -> -10), very slightly contaminated, not resistant to
hostile enchantments, very unstealthy
A: unfitting armour, cold-blooded, AC +5
a: no special abilities


You were on level 4 of the Dungeon.
You were hungry.

You visited 1 branch of the dungeon, and saw 4 of its levels.
You also visited: Sewer.

You collected 132 gold pieces.

Inventory:

Missiles
 a - 136 arrows
Jewellery
 i - an uncursed ring of fire
 p - an amulet of guardian spirit (around neck)
 q - an uncursed amulet of magic regeneration
 r - a +2 ring of evasion (left hand)
Scrolls
 l - a scroll of random uselessness
 m - a scroll of remove curse
 t - a scroll of fog
Potions
 d - a potion of might {unknown}
 e - a potion of brilliance {unknown}
 f - 3 potions of curing {unknown}
 j - a potion of degeneration {unknown}
 k - a potion of lignification {unknown}
 n - a potion of resistance {unknown}
 s - 2 potions of heal wounds {unknown}
 u - a potion of berserk rage {unknown}
 w - 2 potions of flight {unknown}
Books
 b - a book of Changes

   Spells                             Type                      Level
   a - Beastly Appendage              Transmutation                1
   b - Sticks to Snakes               Transmutation                2
   c - Spider Form                    Transmutation/Poison         3
   d - Ice Form                       Ice/Transmutation            4
   e - Blade Hands                    Transmutation                5
Comestibles
 c - 4 bread rations
 g - a beef jerky
 h - a chunk of flesh
 o - 2 slices of pizza
 v - a meat ration


   Skills:
 * Level 2.5 Fighting
 + Level 3.3 Dodging
 * Level 4.2 Unarmed Combat
 + Level 2.6 Spellcasting
 + Level 3.0 Transmutations


You had 3 spell levels left.
You knew the following spells:

 Your Spells              Type           Power        Failure   Level  Hunger
a - Beastly Appendage     Trmt           ##....       10%         1    #......
b - Sticks to Snakes      Trmt           ##......     12%         2    ###....
c - Spider Form           Trmt/Pois      #.........   38%         3    ###....


Dungeon Overview and Level Annotations

Branches:
Dungeon (4/15)
 Temple: D:4-7

Altars:
Cheibriados
Vehumet

Annotations:
D:3 Britaniac's ghost, amateur GrFi
D:4 Bubs's ghost, amateur FoFi


Innate Abilities, Weirdness & Mutations

Your plain brown scales are hard (AC +5).
Your body does not fit into most forms of armour.
You are cold-blooded and may be slowed by cold attacks.


Message History

You feel sick.
Bubs's ghost says, "You will join me soon!"
Bubs's ghost hits you!
You feel sick.
You feel sick.
Your transformation has ended.
You feel sick.
You feel sick.
You feel sick.
You feel sick.
You feel sick.
You feel sick.
Read which item? (? for menu, Esc to quit)
Okay, then.
You enter the shallow water.
Moving in this stuff is going to be slow.
You feel sick. Bubs's ghost hits you!
* * * LOW HITPOINT WARNING * * *
Bubs's ghost hits you!
You die...

####### #.....#
#.###.# #.# #.###
.# ##.###...# ##.#
#...##.#.# ...
#≈W≈####.# ...
.....#≈@≈# #.#
#.########.#..#≈≈≈#
#.#######
#........#.#..#≈≈≈#
#.......#
#.....##.#.#.##≈.≈#
###†###.#
.........#.#..#≈≈≈#
#.#
#.###.#.......#≈≈≈#
..#
#.###.#.##....#≈≈≈#
....
#...#.#.......#≈≈≈#
#....
..........[...#...#
.>..#.


You could see Bubs's ghost.

Vanquished Creatures
  A big kobold (Sewer)
  An orc wizard (D:3)
  A worker ant (D:4)
  A hound skeleton (D:4)
  3 adders
  An ooze (D:3)
  2 worms (D:3)
  3 dart slugs
  2 giant geckos
  5 orcs (D:3)
  A ball python (D:1)
  6 giant cockroaches
  8 goblins
  A hobgoblin (D:2)
  3 jackals
  7 kobolds
  A quokka (D:3)
  8 bats
  4 giant newts
  7 rats
66 creatures vanquished.

Notes
Turn   | Place    | Note
--------------------------------------------------------------
     0 | D:1      | Vasya666 the Draconian Transmuter began the quest for the Orb.
     0 | D:1      | Reached XP level 1. HP: 16/16 MP: 3/3
   716 | D:1      | Reached XP level 2. HP: 23/23 MP: 5/5
  1419 | D:2      | Found a faded altar to an unknown god.
  1428 | D:2      | Reached XP level 3. HP: 28/28 MP: 4/6
  1435 | D:2      | Learned a level 2 spell: Sticks to Snakes
  1439 | D:2      | Learned a level 3 spell: Spider Form
  1442 | D:2      | Found a radiant altar of Vehumet.
  2251 | D:3      | Reached XP level 4. HP: 13/36 MP: 2/7
  2529 | D:3      | Noticed Britaniac's ghost (amateur GrFi)
  2683 | D:3      | Found a snail-covered altar of Cheibriados.
  2996 | D:4      | Reached XP level 5. HP: 38/41 MP: 6/8
  3000 | D:4      | Found a glowing drain.
  3031 | Sewer    | Entered a sewer
  3123 | Sewer    | Reached skill level 4 in Unarmed Combat
  3206 | Sewer    | Found a white marble altar of Elyvilon.
  3271 | D:4      | Noticed Bubs's ghost (amateur FoFi)
  3294 | D:4      | HP: 2/42 [Bubs's ghost (9)]
  3295 | D:4      | Mangled by Bubs's ghost

Skill      XL: |  1  2  3  4  5 |
---------------+----------------+-----
Dodging        | 2 3 |  3.3
Fighting       | 2 |  2.5
Unarmed Combat | 4 |  4.2
Transmutations | 3 |  3.0
Spellcasting   | |  2.6

Action                   |  1- 3 |  4- 6 || total
-------------------------+-------+-------++-------
Melee: Unarmed           |   140 |   114 ||   254
       Kick              |     8 |     7 ||    15
       Tailslap          |     8 |     9 ||    17
       Headbutt          |     2 |     5 ||     7
       Punch             |     2 |     3 ||     5
 Cast: Beastly Appendage |    22 |     9 ||    31
       Spider Form       |     2 |     4 ||     6
  Use: Scroll            |       |     4 ||     4
  Eat: Chunk             |     5 |     4 ||     9
Armor: Skin              |    56 |    26 ||    82
Dodge: Dodged            |   127 |    76 ||   203
